 Dungeon Crawl Stone Soup version 0.28-a0-1613-gdaab1c2f9b (webtiles) character file.

Game seed: 15087838888732322335

15 murtidash the Chiller (level 2, 0/20 HPs)
             Began as a Demigod Ice Elementalist on Jan 22, 2022.
             Slain by a quokka (1 damage)
             ... on level 1 of the Dungeon.
             The game lasted 00:00:59 (847 turns).

murtidash the Chiller (Demigod Ice Elementalist)     Turns: 847, Time: 00:01:00

Health: 0/20       AC:  2    Str:  9    XL:     2   Next: 21%
Magic:  7/7        EV: 12    Int: 17    God:
Gold:   30         SH:  0    Dex: 14    Spells: 4/5 levels left

rFire   . . .      SeeInvis .   b - +0 dagger
rCold   . . .      Faith    .   (no shield)
rNeg    . . .      Spirit   .   a - +0 robe
rPois   .          Reflect  .   (no helmet)
rElec   .          Harm     .   (no cloak)
rCorr   .          Rampage  .   (no gloves)
Will    .....                   (no boots)
Stlth   ++........              (no amulet)
HPRegen 0.06/turn               (no ring)
MPRegen 0.10/turn               (no ring)

@: no status effects
A: high mp 1, forlorn, divine attributes
a: no special abilities


You were on level 1 of the Dungeon.
You visited 1 branch of the dungeon, and saw 1 of its levels.

You collected 30 gold pieces.

Inventory:

Hand Weapons
 b - a +0 dagger (weapon)
   (You took it off a goblin on level 1 of the Dungeon)
Armour
 a - a +0 robe (worn)
Scrolls
 c - a scroll of acquirement {unknown}
 d - a scroll of fear {unknown}


   Skills:
 - Level 1.7 Dodging
 - Level 1.7 Stealth
 + Level 2.2 Spellcasting
 + Level 3.9 Ice Magic


You had 4 spell levels left.
You knew the following spells:

 Your Spells              Type           Power      Damage    Failure   Level
a - Freeze                Ice            60%        1d8       3%          1

Your spell library contained the following spells:

 Spells                   Type           Power      Damage    Failure   Level
 Frozen Ramparts          Ice            30%        1d5       11%         3
 Ozocubu's Armour         Ice            15%        N/A       11%         3
 Hailstorm                Conj/Ice       8%         3d4       63%         4


Dungeon Overview and Level Annotations

Branches:
Dungeon (1/15)


Innate Abilities, Weirdness & Mutations

You have an increased reservoir of magic. (+10% MP)
You shall have no god before yourself.
Your divine heritage dramatically boosts your attributes as you level up.


Message History

You are too injured to fight recklessly!
You are too injured to fight recklessly!
You are too injured to fight recklessly!
You are too injured to fight recklessly!
You are too injured to fight recklessly!
You are too injured to fight recklessly!
You are too injured to fight recklessly!
You are too injured to fight recklessly!
You are too injured to fight recklessly!
You are too injured to fight recklessly!
Aim: a hobgoblin You freeze the hobgoblin.
The hobgoblin misses you.
You now have 6/7 mp.
Aim: a hobgoblin (almost dead)
You freeze the hobgoblin!
You kill the hobgoblin!
You now have 5/7 mp.
You can't see any susceptible monsters within range! (Use Z to cast anyway.)
You can't see any susceptible monsters within range! (Use Z to cast anyway.)
You can't see any susceptible monsters within range! (Use Z to cast anyway.)
You can't see any susceptible monsters within range! (Use Z to cast anyway.)
You can't see any susceptible monsters within range! (Use Z to cast anyway.)
You can't see any susceptible monsters within range! (Use Z to cast anyway.)
You open the door. You open the door.
There is an open door here.
As you open the door, it creaks loudly!
You hear a shout!
A bat comes into view.
Health restored: 20; MP restored: 7 A bat is nearby!
A kobold comes into view. It is wielding a +1 whip of flaming.
The bat hits you.
You take 1 damage, and have 19/20 hp.
An endoplasm comes into view.
The bat closely misses you.
The endoplasm quivers.
You hit the bat. The bat hits you but does no damage. x2
Health restored: 20 You hit the bat.
The bat barely misses you.
You miss the bat. The bat hits you but does no damage.
The bat closely misses you. The kobold hits you but does no damage.
You barely miss the kobold. The bat closely misses you.
The kobold barely misses you.
You completely miss the kobold. The kobold closely misses you.
The bat hits you but does no damage.
You barely miss the bat. The bat hits you but does no damage.
The endoplasm hits you. The kobold barely misses you. The bat misses you.
You take 2 damage, and have 18/20 hp.
You hit the bat.
You kill the bat!
The endoplasm freezes you.
You are frozen.
The kobold hits you with a +1 whip of flaming.
The kobold burns you.
* * * LOW HITPOINT WARNING * * *
You take 12 damage, and have 6/20 hp.
MASSIVE DAMAGE!!
You are too injured to fight recklessly!
You are too injured to fight recklessly!
You are too injured to fight recklessly!
You are too injured to fight recklessly!
You are too injured to fight recklessly!
You are too injured to fight recklessly!
You are too injured to fight recklessly!
You are too injured to fight recklessly!
You are too injured to fight recklessly!
You are too injured to fight recklessly!
You are too injured to fight recklessly!
You are too injured to fight recklessly!
You are too injured to fight recklessly!
You are too injured to fight recklessly!
You are too injured to fight recklessly!
You see here a bat corpse.
The endoplasm freezes you.
You are frozen.
* * * LOW HITPOINT WARNING * * *
There is an open door here.
You take 3 damage, and have 3/20 hp.
You aren't carrying any potions.
You see here a +0 ring mail.
A frilled lizard comes into view.
The frilled lizard hisses angrily.
You hit the frilled lizard.
You kill the frilled lizard!
You open the door.
A quokka comes into view.
The endoplasm misses you. The quokka closely misses you.
There is an open door here.
The quokka bites you.
* * * LOW HITPOINT WARNING * * *
You take 1 damage, and have 4/20 hp.
The quokka bites you.
* * * LOW HITPOINT WARNING * * *
The quokka barely misses you.
The kobold throws a stone.
The stone hits you but does no damage. The quokka bites you.
* * * LOW HITPOINT WARNING * * *
You take 3 damage, and have 1/20 hp.
The quokka bites you.
You die...

#..........#....................
#.##.#####.#....................
#.##.#####.#....................
#.#........#....................
#.##########....#...............
#.# #.+....#_#............. #.#
#.#......#............. #.#
#..........)........... #.#
#.####@#######.........
#.########.# #r.....###########
#..........# #......#
################J..(..#
...[...........'......#
################K.....#
#........K...†.....#
#..................#
#..................#


You could see an endoplasm, a quokka and a kobold.

Vanquished Creatures
  A dart slug (D:1)
  2 giant cockroaches (D:1)
  A goblin (D:1)
  A hobgoblin (D:1)
  3 jackals (D:1)
  A kobold (D:1)
  A bat (D:1)
  A frilled lizard (D:1)
11 creatures vanquished.

Notes
Turn   | Place    | Note
-------+----------+-------------------------------------------
     0 | D:1      | murtidash the Demigod Ice Elementalist began the quest for
                  | the Orb.
     0 | D:1      | Reached XP level 1. HP: 14/14 MP: 5/5
   348 | D:1      | Reached skill level 2 in Spellcasting
   470 | D:1      | Reached XP level 2. HP: 18/20 MP: 7/7
   791 | D:1      | HP: 3/20 [frozen (3)]
   831 | D:1      | HP: 4/20 [quokka (1)]
   842 | D:1      | HP: 1/20 [quokka (3)]
   847 | D:1      | Slain by a quokka

Illustrated notes

Levels and vault maps discovered:
D:1:      heliophobic_arrival_enchanted_forest, layout_basic,
          ebering_ecumenical_altar_rust, hangedman_decor_points

Skill      XL: |  1 |
---------------+----+-----
Spellcasting   | 2 |  2.2
Dodging        | |  1.7
Stealth        | |  1.7
Ice Magic      | |  3.9

Action                   || total
-------------------------++-------
Melee: Dagger            ||    46
       Unarmed           ||     3
       Punch             ||     2
 Cast: Freeze            ||    10
 Stab: Sleeping          ||     1
Armor: Robe              ||    23
Dodge: Dodged            ||    41

Table legend: (Time is in decaauts)
 A = Elapsed time spent in this place.
 B = Non-inter-level travel time spent in this place.
 C = Inter-level travel time spent in this place.
 D = Time resting spent in this place.
 E = Time spent auto-exploring this place.
 F = Levels seen in this place.
 G = Mean time per level.
                   A        B        C        D        E       F      G
               +--------+--------+--------+--------+--------+-----+--------+
         Total |    846 |    846 |      0 |      0 |    677 |   1 |  846.0 |
       Dungeon |    846 |    846 |      0 |      0 |    677 |   1 |  846.0 |
               +--------+--------+--------+--------+--------+-----+--------+

Top non-repeatable levels by time:
     D:1: 846 daAuts

Table legend:
 A = Kills in this place as a percentage of kills in entire the game.
 B = Kills by you in this place as a percentage of kills by you in the entire game.
 C = Kills by friends in this place as a percentage of kills by friends in the entire game.
 D = Other kills in this place as a percentage of other kills in the entire game.
 E = Experience gained in this place as a percentage of experience gained in the entire game.
 F = Experience gained in this place divided by the number of levels of this place that you have seen.
                   A       B       C       D       E      F
               +-------+-------+-------+-------+-------+----------------------
         Total | 100.0 | 100.0 |   N/A |   N/A | 100.0 |  22.0
       Dungeon | 100.0 | 100.0 |   N/A |   N/A | 100.0 |  22.0
               +-------+-------+-------+-------+-------+----------------------
